 Dungeon Crawl Stone Soup version 0.28-a0-861-ge64d6db94f (webtiles) character file.

Game seed: 10108164360186710270

70 flotson the Sneak (level 4, -7/37 HPs)
             Began as a Demonspawn Delver on Nov 15, 2021.
             Mangled by Grinder (9 damage)
             ... on level 4 of the Dungeon.
             The game lasted 00:02:45 (857 turns).

flotson the Sneak (Demonspawn Delver)                Turns: 857, Time: 00:02:46

Health: -7/37      AC:  5    Str: 13    XL:     4   Next: 3%
Magic:  4/4        EV: 11    Int: 11    God:
Gold:   25         SH:  0    Dex: 15    Spells: 3/3 levels left

rFire   . . .      SeeInvis .   a - +2 hand axe (vorpal)
rCold   . . .      Faith    .   (no shield)
rNeg    . . .      Spirit   .   h - +0 ring mail
rPois   .          Reflect  .   (no helmet)
rElec   .          Harm     .   (no cloak)
rCorr   .          Rampage  .   (no gloves)
Will    .....                   (no boots)
Stlth   ++........              (no amulet)
HPRegen 0.12/turn               (no ring)
MPRegen 0.09/turn               (no ring)

@: no status effects
A: hooves 1, demonic magic 1, weakness stinger 1
a: no special abilities


You were on level 4 of the Dungeon.
You visited 1 branch of the dungeon, and saw 2 of its levels.

You collected 25 gold pieces.

Inventory:

Hand Weapons
 a - a +2 vorpal hand axe (weapon)
Armour
 h - a +0 ring mail (worn)
Wands
 g - a wand of digging (3)
Scrolls
 c - a scroll of fog
 e - a scroll of fear
 f - 2 scrolls of identify {unknown}


   Skills:
 + Level 3.7 Fighting
 + Level 1.7 Axes
 + Level 1.7 Armour
 + Level 2.6 Dodging
 - Level 4.5 Stealth


You had 3 spell levels left.
You didn't know any spells.
Your spell library was empty.

Dungeon Overview and Level Annotations

Branches:
Dungeon (5/15)
 Temple: D:4-7

Altars:

Annotations:
D:4 Grinder
D:5 Blork the orc


Innate Abilities, Weirdness & Mutations

You have large cloven feet.
Spells you cast may paralyse adjacent enemies.
You have a small tail.


Message History

Grinder gestures at you. You resist with significant effort.
You hit Grinder but do no damage.
Grinder is lightly wounded.
Grinder gestures at you. You resist with significant effort.
You hit Grinder. You kick Grinder, but do no damage.
Grinder is moderately wounded.
Grinder hits you!
You writhe in agony.
You closely miss Grinder. Your kick misses Grinder.
Grinder is moderately wounded.
Grinder hits you. x2
You hit Grinder.
Grinder is moderately wounded.
Grinder barely misses you.
You closely miss Grinder. Your kick misses Grinder.
Grinder is moderately wounded.
Grinder hits you but does no damage.
You closely miss Grinder. You kick Grinder, but do no damage.
Grinder is moderately wounded.
Grinder hits you.
You writhe in agony.
* * * LOW HITPOINT WARNING * * *
You hit Grinder but do no damage.
Your tail-slap misses Grinder.
Grinder is moderately wounded.
Grinder hits you.
* * * LOW HITPOINT WARNING * * *
You barely miss Grinder. Your kick misses Grinder.
Grinder is moderately wounded.
Grinder hits you.
* * * LOW HITPOINT WARNING * * *
You writhe in agony.
* * * LOW HITPOINT WARNING * * *
Grinder closely misses you.
You closely miss Grinder. Your kick misses Grinder. You tail-slap Grinder.
Grinder is moderately wounded.
Grinder barely misses you.
You hit Grinder.
Grinder is heavily wounded.
Grinder hits you!
You die...

#####....# #.#.. .#
....##'### #.#.#####
.≈S.##.# #.#....
≈⌠§.##.######.#..#####
.≈.. #..)...#.#......#
... ######.#......#
#'#########.####.#.#
...............#.#
###########.#..#@#
#.##.#5# #...[#.#
######.# ... #.. ...
#...


You could see Grinder.

Vanquished Creatures
  A bullfrog skeleton (D:5)
  A hound (D:5)
  A howler monkey skeleton (D:5)
  An orc (D:4)
4 creatures vanquished.

Notes
Turn   | Place    | Note
-------+----------+-------------------------------------------
     0 | D:5      | flotson the Demonspawn Delver began the quest for the Orb.
     0 | D:5      | Reached XP level 1. HP: 18/18 MP: 1/1
    15 | D:5      | Discovered your monstrous ancestry.
    15 | D:5      | Gained mutation: You have a small tail. [demonic ancestry]
    15 | D:5      | Reached XP level 2. HP: 18/24 MP: 2/2
    23 | D:5      | Noticed a scorpion
    49 | D:5      | Reached skill level 1 in Armour
    49 | D:5      | Gained mutation: Spells you cast may paralyse adjacent
                  | enemies. [demonic ancestry]
    49 | D:5      | Reached XP level 3. HP: 12/29 MP: 3/3
   272 | D:5      | Noticed Blork the orc
   358 | D:5      | Gained mutation: You have large cloven feet. [demonic
                  | ancestry]
   358 | D:5      | Reached XP level 4. HP: 19/37 MP: 4/4
   514 | D:5      | Noticed a scorpion
   560 | D:5      | Noticed a centaur
   841 | D:4      | Noticed Grinder
   842 | D:4      | Paralysed by Grinder for 4 turns
   857 | D:4      | Mangled by Grinder

Illustrated notes

Levels and vault maps discovered:
D:4:      layout_basic, serial_shops, shop_statue,
          nicolae_ossuary_entry_catacombs, kennysheep_generic_room_13,
          uniq_grinder
D:5:      layout_rooms, slow_altar_2, uniq_menkaure, uniq_eustachio,
          uniq_blork_the_orc

Skill      XL: |  1  2 |
---------------+-------+-----
Dodging        | 2 |  2.6
Armour         | 1 |  1.7
Fighting       | |  3.7
Axes           | |  1.7
Stealth        | |  4.5

Action                   |  1- 3 |  4- 6 || total
-------------------------+-------+-------++-------
Melee: Hand axe          |    37 |    14 ||    51
       Tailslap          |     4 |     3 ||     7
       Kick              |       |     6 ||     6
  Use: Potion            |     1 |       ||     1
       Scroll            |       |     1 ||     1
Armor: Leather armour    |     3 |       ||     3
       Ring mail         |     9 |     2 ||    11
Dodge: Dodged            |    24 |     7 ||    31

Table legend: (Time is in decaauts)
 A = Elapsed time spent in this place.
 B = Non-inter-level travel time spent in this place.
 C = Inter-level travel time spent in this place.
 D = Time resting spent in this place.
 E = Time spent auto-exploring this place.
 F = Levels seen in this place.
 G = Mean time per level.
                   A        B        C        D        E       F      G
               +--------+--------+--------+--------+--------+-----+--------+
         Total |    848 |    848 |      0 |    145 |    374 |   2 |  424.0 |
       Dungeon |    848 |    848 |      0 |    145 |    374 |   2 |  424.0 |
               +--------+--------+--------+--------+--------+-----+--------+

Top non-repeatable levels by time:
     D:5: 554 daAuts
     D:4: 294 daAuts
